 Dungeon Crawl Stone Soup version 0.16-a0-3029-g57b17b4 (webtiles) character file.

248 Ololoev the Chopper (level 6, -2/32 HPs)
             Began as a Vine Stalker Berserker on Dec 8, 2014.
             Was a Believer of Trog.
             Slain by Ololoev's ghost (7 damage)
             ... on level 4 of the Dungeon.
             The game lasted 00:04:48 (818 turns).

Ololoev the Chopper (Vine Stalker Berserker)         Turns: 818, Time: 00:04:49

Health: -2/32      AC:  2    Str: 22    XL:     6   Next: 12%
Magic:  0/8        EV: 12    Int:  7    God:    Trog [**....]
Gold:   58         SH:  0    Dex: 13    Spells: 0 memorised, 5 levels left

rFire  . . .     SeeInvis .     l - +0 war axe
rCold  . . .     Clarity  .     b - +0 animal skin
rNeg   . . .     SustAb   .     (no shield)
rPois  .         Gourm    +     (no helmet)
rElec  .         Spirit   +     (no cloak)
rCorr  .         Warding  .     (no gloves)
rMut   .         Stasis   .     (no boots)
MR     ++...                    h - amulet of the gourmand
Stlth  +.........               (no ring)
                                (no ring)

@: exhausted, regenerating, slowed, very slow, very resistant to hostile
enchantments, very unstealthy
A: fangs 2, regeneration 2, magic shield, antimagic bite, no device heal 3, rot
immunity
a: Burn Spellbooks, Berserk, Trog's Hand, Renounce Religion


You were on level 4 of the Dungeon.
You worshipped Trog.
Trog was pleased with you.
You were not hungry.

You visited 1 branch of the dungeon, and saw 4 of its levels.

You collected 58 gold pieces.

Notes
Turn   | Place    | Note
--------------------------------------------------------------
     0 | D:1      | Ololoev, the Vine Stalker Berserker, began the quest for the Orb.
     0 | D:1      | Reached XP level 1. HP: 11/11 MP: 1/1
   134 | D:2      | Reached skill level 3 in Axes
   134 | D:2      | Reached XP level 2. HP: 16/16 MP: 3/3
   141 | D:2      | Found a white marble altar of Elyvilon.
   289 | D:3      | Reached XP level 3. HP: 19/19 MP: 4/4
   295 | D:3      | Acquired Trog's second power
   295 | D:3      | Reached XP level 4. HP: 6/23 MP: 5/5
   419 | D:3      | Reached skill level 4 in Axes
   420 | D:3      | HP: 1/23 [orc/war axe (4)]
   651 | D:4      | Noticed an ogre
   656 | D:4      | Killed an ogre
   656 | D:4      | Reached XP level 5. HP: 27/27 MP: 7/7
   669 | D:4      | Found Wounir's Distillery.
   720 | D:4      | Reached skill level 5 in Axes
   787 | D:4      | Gained mutation: You heal very quickly. [vine stalker growth]
   787 | D:4      | Reached XP level 6. HP: 22/32 MP: 4/8
   799 | D:4      | Noticed Ololoev's ghost (average VSGl)
   818 | D:4      | Slain by Ololoev's ghost

Inventory:

Hand weapons
 l - a +0 war axe (weapon)
Missiles
 j - 4 javelins (quivered)
Armour
 b - a +0 animal skin (worn)
Jewellery
 h - an amulet of the gourmand (around neck)
Scrolls
 d - a scroll of fog {unknown}
 f - 2 scrolls of identify {unknown}
 g - 2 scrolls of magic mapping {unknown}
 k - a scroll of enchant armour {unknown}
 m - a scroll of teleportation {unknown}
Potions
 a - a potion of decay {unknown}
 e - 3 potions of heal wounds {unknown}
Comestibles
 c - 2 bread rations
 i - 5 meat rations

Table legend:
 A = Turns spent in this place as a percentage of turns spent in the entire game.
 B = Non-inter-level travel turns spent in this place as a percentage of non-inter-level travel turns spent in the entire game.
 C = Inter-level travel turns spent in this place as a percentage of turns spent in this place.
 D = Turns resting spent in this place as a percentage of non-inter-level travel turns spent in this place.
 E = Turns spent auto-exploring this place as a percentage of non-inter-level travel turns spent in this place.
 F = Non-inter-level travel turns spent in this place divided by the number of levels of this place that you've seen.
                   A       B       C       D       E      F
               +-------+-------+-------+-------+-------+----------------------
         Total | 100.0 | 100.0 |   0.6 |   4.9 |   0.8 | 118.5
       Dungeon | 100.0 | 100.0 |   0.6 |   4.9 |   0.8 | 118.5
               +-------+-------+-------+-------+-------+----------------------


   Skills:
 - Level 2.6 Fighting
 * Level 5.1 Axes
 + Level 3.2 Armour
 - Level 1.5 Dodging


You had 5 spell levels left.
You didn't know any spells.

Dungeon Overview and Level Annotations

Branches:
Dungeon (4/15)
 Temple: D:4-7

Altars:
Elyvilon

Shops:
D:4 !

Annotations:
D:4 Ololoev's ghost, average VSGl


Innate Abilities, Weirdness & Mutations

You have extremely sharp teeth.
You heal very quickly.
When hurt, damage is shared between your health and your magic reserves.
Your bite disrupts and absorbs the magic of your enemies.
Potions and wands cannot restore your health.
You are immune to rotting.


Message History

You barely miss the iguana. You bite the iguana! You drain its power.
You feel invigorated.
The iguana is severely wounded.
The iguana bites you!
You slash the iguana!
You kill the iguana!
Trog accepts your kill.
You have reached level 6!
Your experience leads to an increase in your attributes!
Your base attributes are Str 21, Int 7, Dex 13.
Increase (S)trength, (I)ntelligence, or (D)exterity?
You feel stronger.
You begin to heal more quickly.
You see here an iguana corpse.
You butcher the iguana corpse.
You enjoyed that.
n - a chunk of flesh You feel a strong urge to attack something.
Found a stone staircase leading down.
You now have 58 gold pieces (gained 7).
You are no longer berserk.
You pass out from exhaustion.
You feel yourself slow down.
You can move again.
Eat a chunk of flesh? (ye/n/q/i?) This raw flesh tastes great.
You continue eating. x2
Ololoev's ghost (average Vine Stalker Gladiator) comes into view.
Ololoev's ghost turns its malevolent gaze towards you.
You close the door.
Ololoev's ghost opens the door.
You hear the slow rusting of a drain, a long way away.
Ololoev's ghost shrieks, "Very impressive.
But it won't help.
Nothing will."
Ololoev's ghost closely misses you. Ololoev's ghost hits you.
Ololoev's ghost hits you!
Use which ability? (? or * to list)
Your skin crawls.
You feel resistant to hostile enchantments.
You feel slightly more hungry. Ololoev's ghost hits you!
Ololoev's ghost hits you!
You die...

####### ....# #####
#####.....####'####(..#
......................#
#..................#
#..................'
#..................#
####..##.####..####..#
#..#.W##.####..# #..#
#....@.#...#..... ###.
#......#...#.....+ .
#......'...+.....# .
#......#...#.....# .
#......#...#.... .
#......#...# ..
#......#...# ....
##...###...# #...
#...###...###...###+#


You could see Ololoev's ghost.

Table legend:
 A = Kills in this place as a percentage of kills in entire the game.
 B = Kills by you in this place as a percentage of kills by you in the entire game.
 C = Kills by friends in this place as a percentage of kills by friends in the entire game.
 D = Other kills in this place as a percentage of other kills in the entire game.
 E = Experience gained in this place as a percentage of experience gained in the entire game.
 F = Experience gained in this place divided by the number of levels of this place that you have seen.
                   A       B       C       D       E      F
               +-------+-------+-------+-------+-------+----------------------
         Total | 100.0 | 100.0 |  -nan |  -nan | 100.0 |  88.8
       Dungeon | 100.0 | 100.0 |  -nan |  -nan | 100.0 |  88.8
               +-------+-------+-------+-------+-------+----------------------

Vanquished Creatures
  An ogre (D:4)
  2 iguanas (D:4)
  An orc wizard (D:3)
  4 gnolls (D:3)
  A shadow imp (D:3)
  A giant mite (D:3)
  A worm (D:2)
  3 orcs (D:3)
  3 giant cockroaches
  7 goblins
  4 hobgoblins
  A kobold (D:1)
  A bat (D:1)
  A rat (D:3)
  4 toadstools (D:1)
35 creatures vanquished.

Action                   |  1- 3 |  4- 6 || total
-------------------------+-------+-------++-------
Melee: Hand axe          |    36 |    19 ||    55
       War axe           |       |    17 ||    17
Invok: Berserk           |     3 |     5 ||     8
       Trog's Hand       |       |     1 ||     1
  Eat: Chunk             |       |     5 ||     5
       Bread ration      |       |     1 ||     1

Vault maps used:
D:1:      ldierk_water_garden
D:2:      old_standard_altar
D:3:      kennysheep_the_goblin_king, first_bread,
          minmay_misc_feat_more_columns, kennysheep_generic_room_2
D:4:      kennysheep_mini, serial_shops, kennysheep_mini_moat,
          portal_sewer_entry_e
